 Dungeon Crawl Stone Soup version 0.31.0-9-g3a7656b989 (webtiles) character file.

Game seed: 12501837407209599798

23 qw the Shooter (level 2, -2/14 HPs)
             Began as a Spriggan Hunter on Feb 2, 2024.
             Killed from afar by Terence (11 damage)
             ... with a puff of flame
             ... on level 2 of the Dungeon.
             The game lasted 00:00:01 (698 turns).

qw the Shooter (Spriggan Hunter)                     Turns: 698, Time: 00:00:02

Health: -2/14      AC:  2    Str:  7    XL:     2   Next: 72%
Magic:  3/3        EV: 19    Int: 10    God:
Gold:   86         SH:  0    Dex: 18    Spells: 1/1 levels left

rFire   . . .        a - +0 shortbow
rCold   . . .        (shield currently unavailable)
rNeg    . . .        c - +0 robe
rPois   .            (helmet restricted)
rElec   .            (no cloak)
rCorr   .            (gloves unavailable)
SInv    +            (boots unavailable)
Will    .....        (no amulet)
Stlth   ++           (no ring)
HPRegen 0.22/turn    (no ring)
MPRegen 0.08/turn

%: clarity
@: very quick
A: very small, no large weapons, unfitting armour, see invisible, speed 3,
talons 1, clarity
a: no special abilities


You were on level 2 of the Dungeon.
You visited 1 branch of the dungeon, and saw 2 of its levels.

You collected 86 gold pieces.


Innate Abilities, Weirdness & Mutations

You are very small and have problems with some larger weapons.
You are too small for most types of armour.
You have supernaturally acute eyesight. (SInv)
You cover ground extremely quickly. (Speed+++)
You have sharp toenails.
You possess an exceptional clarity of mind.


   Skills:
 - Level 1.5 Fighting
 + Level 4.2 Ranged Weapons
 - Level 4.0 Dodging
 - Level 1.5 Stealth


You had one spell level left.
You didn't know any spells.
Your spell library was empty.

Inventory:

Hand Weapons
 a - a +0 shortbow (weapon)
Armour
 c - a +0 robe (worn)
Scrolls
 b - a scroll of blinking {unknown}
Potions
 d - a potion of haste
 f - a potion of mutation
 g - a potion of degeneration {unknown}
 h - 2 potions of curing
 j - a potion of resistance

Dungeon Overview and Level Annotations

Branches:
Dungeon (2/15)

Altars:

Annotations:
D:2 Terence


Message History

The arrow hits the giant cockroach but does no damage.
The giant cockroach is almost dead.
The giant cockroach misses you.
The giant cockroach completely misses you.
You shoot an arrow. The arrow hits the giant cockroach.
You kill the giant cockroach!
You see here a giant cockroach corpse.
Found a book of Transmutation.
You see here a book of Transmutation.
You start to feel less resistant.
Your resistance to elements expires.
A rat comes into view.
You shoot an arrow. The arrow hits the rat.
You kill the rat!
Found a scroll of butterflies.
Found 2 stones.
You see here a scroll of butterflies.
Found a stone staircase leading down.
Terence and a dart slug come into view.
Terence is wielding a +0 flail and carrying a wand of flame.
Found a stone staircase leading up.
Enter note: You shoot an arrow.
The arrow hits the dart slug!
The dart slug is almost dead.
Terence shouts!
You hear a shout! x5
You shoot an arrow. The arrow hits the dart slug.
You kill the dart slug!
Terence zaps a wand.
The puff of flame hits you.
692 ||| FLEEEEING.
You start resting.
Terence is nearby!
You shoot an arrow. The arrow barely misses Terence.
You shoot an arrow. The arrow hits Terence.
Terence is moderately wounded.
You shoot an arrow. The arrow hits Terence!
Terence is severely wounded.
Terence zaps a wand.
The puff of flame hits you!
Ouch! That really hurt!
You die...
Terence says, "That felt goooood."

#.#.# ###.#.#
#.#.#####.#.##
..#.######.#.##........
#....................##
#.#.###.#######.######
#..# #.# #.## #.# #.#
#.# #@# #.# #@# #.#
.@......# ... .<%......
..# #.........
###......>. #=..######
####


You could see Terence.

Vanquished Creatures
  2 dart slugs
  2 giant cockroaches (D:2)
  A goblin (D:2)
  5 hobgoblins
  A ball python (D:1)
  3 bats (D:1)
  2 frilled lizards
  A rat (D:2)
17 creatures vanquished.

Notes
Turn   | Place    | Note
-------+----------+-------------------------------------------
     0 | D:1      | qw the Spriggan Hunter began the quest for the Orb.
     0 | D:1      | Reached XP level 1. HP: 10/10 MP: 2/2
     0 | D:1      | 0 ||| qw: Version: 0.3-a-155-g5e7d8dd
     0 | D:1      | 0 ||| qw: Game counter: 2592
     0 | D:1      | 0 ||| qw: Melee chars always use a shield: true
     0 | D:1      | 0 ||| qw: God list: Okawaru
     0 | D:1      | 0 ||| qw: Allow faded altars: false
     0 | D:1      | 0 ||| qw: Do Orc after clearing Dungeon:15 true
     0 | D:1      | 0 ||| qw: Do second Lair branch before Depths: true
     0 | D:1      | 0 ||| qw: Lair rune preference: random
     0 | D:1      | 0 ||| qw: Goals: Normal
     0 | D:1      | 0 ||| PLANNING D:1-11
    30 | D:1      | Reached skill level 3 in Dodging
   390 | D:1      | Reached XP level 2. HP: 14/14 MP: 3/3
   533 | D:1      | 533 ||| DROPPING ring of wizardry.
   534 | D:1      | 534 ||| READING scroll labelled CEN BITIRU.
   534 | D:1      | 534 ||| IDENTIFYING orange potion
   535 | D:1      | 535 ||| DRINKING 2 bubbling brown potions.
   535 | D:1      | Gained mutation: You have sharp toenails. [potion of
                  | mutation]
   535 | D:1      | Gained mutation: You possess an exceptional clarity of
                  | mind. [potion of mutation]
   536 | D:1      | 536 ||| DRINKING 2 bubbling emerald potions.
   537 | D:1      | 537 ||| DRINKING 2 cyan potions.
   538 | D:1      | 538 ||| DROPPING scroll of butterflies.
   689 | D:2      | Noticed Terence
   692 | D:2      | 692 ||| FLEEEEING.
   698 | D:2      | Killed from afar by Terence

Levels and vault maps discovered:
D:1:      dpeg_arrival_pits, layout_basic
D:2:      layout_loops_ring, dreamdust_ecumenical_altar_grove, uniq_terence

Skill      XL: |  1  2 |
---------------+-------+-----
Dodging        | 3 4 |  4.0
Fighting       | |  1.5
Ranged Weapons | |  4.2
Stealth        | |  1.5

Action                     || total
---------------------------++-------
   Fire: Shortbow          ||    54
    Use: Potion            ||     3
         Scroll            ||     1
 Armour: Robe              ||     3
  Dodge: Dodged            ||    15

Table legend:
 A = Non-vault XP
 B = Vault XP
 C = Vault XP percentage of total XP
 D = Non-vault monster count
 E = Vault monster count
 F = Vault count percentage of total count
                 A         B        C        D         E       F
            +---------+---------+-------+---------+---------+-------
      Total |      33 |       0 |   0.0 |      17 |       0 |   0.0
            +---------+---------+-------+---------+---------+-------
        D:1 |      19 |       0 |   0.0 |      10 |       0 |   0.0
        D:2 |      14 |       0 |   0.0 |       7 |       0 |   0.0
            +---------+---------+-------+---------+---------+-------
